 Dungeon Crawl Stone Soup version 0.29-a0-775-g4d7333d4e2 (webtiles) character file.

Game seed: 1820575446796255708

189 omnomnOMINOUS the Ducker (level 5, -3/36 HPs)
             Began as an Octopode Wanderer on July 1, 2022.
             Slain by Sigmund
             ... wielding a +2 scythe of pain
              (9 damage)
             ... on level 4 of the Dungeon.
             The game lasted 00:07:24 (3946 turns).

omnomnOMINOUS the Ducker (Octopode Wanderer)        Turns: 3946, Time: 00:07:25

Health: -3/36      AC:  3    Str: 11    XL:     5   Next: 68%
Magic:  9/9        EV: 14    Int: 18    God:
Gold:   176        SH:  0    Dex: 10    Spells: 8/9 levels left

rFire   . . .      SeeInvis .   a - +6 hammer of Disorder {vorpal, rC+}
rCold   + . .      Faith    .   (no shield)
rNeg    . . .      Spirit   .   h - +2 hat
rPois   .          Reflect  .   (no amulet)
rElec   .          Harm     .   (no ring)
rCorr   .          Rampage  .   (no ring)
Will    .....                   (no ring)
Stlth   ++........              (no ring)
HPRegen 0.12/turn               (no ring)
MPRegen 0.11/turn               (no ring)
                                (no ring)
                                (no ring)

@: no status effects
A: almost no armour, amphibious, 8 rings, camouflage 1, gelatinous body 1,
(nimble swimmer 1), tentacles
a: no special abilities


You were on level 4 of the Dungeon.
You visited 1 branch of the dungeon, and saw 4 of its levels.

You collected 176 gold pieces.

Inventory:

Hand Weapons
 a - the +6 hammer of Disorder (weapon) {vorpal, rC+}
   (You found it on level 2 of the Dungeon)

   It inflicts extra damage upon your enemies.
   rC:        It protects you from cold.
 b - a +6 short sword
 c - the +7 hammer "Acarinebane" {venom, Drain Will+ Dex+3}
   (You found it on level 2 of the Dungeon)

   It poisons the flesh of those it strikes.
   Dex:       It affects your dexterity (+3).
   Drain:     It drains your maximum health when unequipped.
   Will:      It increases your willpower.
Missiles
 i - 4 throwing nets (quivered)
Armour
 h - a +2 hat (worn)
Magical Staves
 p - a staff of poison
Jewellery
 j - a ring of poison resistance
Scrolls
 d - 2 scrolls of blinking
 k - a scroll of immolation {unknown}
 m - a scroll of fog {unknown}
 n - 4 scrolls of identify {unknown}
 q - a scroll of torment {unknown}
 r - 2 scrolls of teleportation {unknown}
 t - 3 scrolls of magic mapping {unknown}
Potions
 e - a potion of flight {unknown}
 f - a potion of magic {unknown}
 g - 3 potions of haste {unknown}
 l - 2 potions of curing
 o - 2 potions of degeneration {unknown}
 s - a potion of brilliance {unknown}


   Skills:
 + Level 3.6 Fighting
 + Level 4.3 Dodging
 - Level 1.3 Stealth
 + Level 2.8 Spellcasting
 - Level 2.4 Poison Magic
 - Level 1.1 Evocations


You had 8 spell levels left.
You knew the following spells:

 Your Spells              Type           Power      Damage    Failure   Level
a - Sting                 Tmut/Pois      24%        1d4       10%         1

Your spell library contained the following spells:

 Spells                   Type           Power      Damage    Failure   Level
 Ignite Poison            Fire/Tmut/Pois 5%         N/A       34%         3


Dungeon Overview and Level Annotations

Branches:
Dungeon (4/15)
 Temple: D:4-7

Altars:
Yredelemnul

Shops:
D:1 (

Annotations:
D:4 Sigmund


Innate Abilities, Weirdness & Mutations

You cannot wear most types of armour.
You are amphibious.
You can wear up to eight rings at the same time.
Your skin changes colour to match your surroundings (Stealth+).
Your rubbery body absorbs attacks. (AC +1, EV +1)
((You are camouflaged when in or above water. (Stealth+)))
You have tentacles for arms and can constrict up to eight enemies at once.


Message History

You hit the orc priest. Your grab misses the orc priest.
The orc priest is heavily wounded.
The orc priest misses you.
You sock the orc priest!
You kill the orc priest!
The goblin completely misses you. The goblin hits you with a +0 dagger.
You hit the goblin.
You kill the goblin!
Things that are here:
a +0 falchion; an orc corpse HP restored.
Things that are here:
a +0 dagger; a goblin corpse
t - 3 scrolls labelled IDUXYHIRGHA (gained 1) Sigmund the Dreaded comes into view.
He is wielding a +2 scythe of pain and wearing a +2 robe of fire resistance.
Sigmund shouts!
Sigmund mumbles some strange words.
Sigmund flickers and vanishes!
Deactivating autopickup; reactivate with Ctrl-A.
Found a yellow potion and a lumpy orange potion.
Something hits you.
You miss something. Something hits you!
You miss something. Your squeeze misses something.
You hear some strange, mumbled words.
Something tries to affect you, but you resist.
You closely miss something. Something hits you but does no damage.
You writhe in agony.
You hit something. Something hits you!
You miss something. Your squeeze misses something. Something barely misses you.
You thump something! Something hits you!
* * * LOW HITPOINT WARNING * * *
You writhe in agony.
* * * LOW HITPOINT WARNING * * *
You feel better.
You hear some strange, mumbled words.
A puff of flame appears from out of thin air!
The puff of flame hits you.
* * * LOW HITPOINT WARNING * * *
You miss something. You squeeze something. Something hits you!
You die...

.........##.##.# !....
####...[.##.##.#
.....####...............
#.......#.#######.####.#
#.......#.# #.# #.#
#.......#.## #.####.#
#..........## #......#
........#...### #.######
......{@#.....###.#
...........P...##.#
!...##.....≈≈P....# .#.
#..#......#.##
#..##+.......# ...#
##..⌠...# ###. #.......#
## #.......## ....######


There were no monsters in sight!

Vanquished Creatures
  Crazy Yiuf (D:2)
  An orc priest (D:4)
  Natasha (twice) (D:2)
  An adder (D:3)
  A worm (D:3)
  A dart slug (D:1)
  6 orcs
  4 bats
  6 endoplasms
  2 giant cockroaches
  3 goblins
  5 hobgoblins
  5 jackals
  3 quokkas
  9 ball pythons
  4 kobolds
  6 rats
60 creatures vanquished.

Notes
Turn   | Place    | Note
-------+----------+-------------------------------------------
     0 | D:1      | omnomnOMINOUS the Octopode Wanderer began the quest for the
                  | Orb.
     0 | D:1      | omnomnOMINOUS set off with the following items: a +0 club,
                  | 4 throwing nets, a potion of curing, a scroll of blinking,
                  | a +0 hat; and the following spell memorised: Sting; and the
                  | following spells available to memorise: Ignite Poison.
     0 | D:1      | Reached XP level 1. HP: 14/14 MP: 2/2
   236 | D:1      | Reached XP level 2. HP: 11/19 MP: 3/3
   844 | D:1      | Found Weimmesi's Weapon Emporium.
  1324 | D:1      | Reached XP level 3. HP: 20/25 MP: 5/5
  1626 | D:2      | Noticed Natasha
  1630 | D:2      | Killed Natasha
  1904 | D:2      | Reached XP level 4. HP: 25/30 MP: 7/7
  2206 | D:2      | Identified the +6 hammer of Disorder {vorpal, rC+}
  2211 | D:2      | Found a runed translucent door.
  2212 | D:2      | Noticed Crazy Yiuf
  2219 | D:2      | Killed Crazy Yiuf
  2223 | D:2      | Identified the +7 hammer "Acarinebane" {venom, Drain Will+
                  | Dex+3}
  2399 | D:2      | Noticed Natasha
  2407 | D:2      | Killed Natasha
  2408 | D:2      | Reached skill level 4 in Dodging
  2408 | D:2      | Reached XP level 5. HP: 36/36 MP: 8/8
  2728 | D:3      | Found a basalt altar of Yredelemnul.
  3932 | D:4      | Noticed Sigmund
  3944 | D:4      | HP: 1/36 [something (1)]
  3946 | D:4      | Slain by Sigmund

Illustrated notes

Levels and vault maps discovered:
D:1:      saegor_arrival_simple_c, layout_basic, serial_shops, shop_statue
D:2:      layout_loops_corners, uniq_natasha, uniq_crazy_yiuf_cottage
D:3:      layout_basic, mainiacjoe_overflow_six_doors_small, grunt_ministairs_9,
          minmay_statues_item
D:4:      layout_loops_cross, tso_oasis_becter, serial_shops,
          nicolae_shop_stone, uniq_grinder, uniq_sigmund, uniq_duvessa

Skill      XL: |  1  2  3  4 |
---------------+-------------+-----
Spellcasting   | 2 |  2.8
Fighting       | 3 |  3.6
Dodging        | 4 |  4.3
Stealth        | |  1.3
Poison Magic   | |  2.4
Evocations     | |  1.1

Action                   |  1- 3 |  4- 6 || total
-------------------------+-------+-------++-------
Melee: Club              |    32 |       ||    32
       Constrict         |    13 |    10 ||    23
       Tentacles         |     8 |     7 ||    15
       Spear             |    22 |       ||    22
       Short sword       |    12 |     1 ||    13
       Mace              |       |    57 ||    57
  Use: Potion            |       |     1 ||     1
 Stab: Sleeping          |    14 |     4 ||    18
Armor: Skin              |     7 |    10 ||    17
Dodge: Dodged            |    26 |    32 ||    58

Table legend: (Time is in decaauts)
 A = Elapsed time spent in this place.
 B = Non-inter-level travel time spent in this place.
 C = Inter-level travel time spent in this place.
 D = Time resting spent in this place.
 E = Time spent auto-exploring this place.
 F = Levels seen in this place.
 G = Mean time per level.
                   A        B        C        D        E       F      G
               +--------+--------+--------+--------+--------+-----+--------+
         Total |   3992 |   3961 |     31 |    571 |   2865 |   4 |  998.0 |
       Dungeon |   3992 |   3961 |     31 |    571 |   2865 |   4 |  998.0 |
               +--------+--------+--------+--------+--------+-----+--------+

Top non-repeatable levels by time:
     D:1: 1637 daAuts
     D:3: 1177 daAuts
     D:2: 1056 daAuts
     D:4: 121 daAuts
